 Dungeon Crawl Stone Soup version 0.19-a0-1803-g97ff39f (webtiles) character file.

6107 Naow the Severer (level 10, -2/78 HPs)
             Began as a Minotaur Berserker on Oct 5, 2016.
             Was an Elder of Trog.
             Slain by an orc warrior
             ... wielding a +0 glaive
              (8 damage)
             ... on level 9 of the Dungeon.
             The game lasted 00:17:20 (9414 turns).

Naow the Severer (Minotaur Berserker)               Turns: 9414, Time: 00:17:21

Health: -2/78      AC: 12    Str: 23    XL:     10   Next: 58%
Magic:  2/9        EV:  6    Int:  7    God:    Trog [****..]
Gold:   419        SH:  2    Dex:  9    Spells: 0 memorised, 9 levels left

rFire  . . .     SeeInvis .     a - +0 hand axe
rCold  . . .     Gourm    +     M - +0 plate armour
rNeg   + . .     Faith    .     I - +0 buckler
rPois  .         Spirit   .     (helmet restricted)
rElec  .         Dismiss  .     (no cloak)
rCorr  .         Reflect  .     D - +0 pair of gloves
MR     +++..     Harm     .     (no boots)
Stlth  ..........               j - amulet of the gourmand
                                P - ring "Xiz Jean" {+Blink MR+}
                                L - ring of positive energy

@: exhausted, regenerating, slowed, very slow
A: retaliatory headbutt, horns 2
a: Berserk, Trog's Hand, Brothers in Arms, Burn Spellbooks, Renounce Religion,
Evoke Blink


You were on level 9 of the Dungeon.
You worshipped Trog.
Trog was greatly pleased with you.
You were full.

You visited 1 branch of the dungeon, and saw 9 of its levels.

You collected 524 gold pieces.
You spent 105 gold pieces at shops.

Inventory:

Hand Weapons
 a - a +0 hand axe (weapon)
Armour
 b - a +0 animal skin
 C - a +0 ring mail
 D - a +0 pair of gloves (worn)
 I - a +0 buckler (worn)
 M - a +0 plate armour (worn)
Jewellery
 j - an amulet of the gourmand (around neck)
 p - a +5 ring of intelligence
 r - an uncursed amulet of rage
 L - a ring of positive energy (left hand)
 P - the ring "Xiz Jean" (right hand) {+Blink MR+}
   (You found it on level 8 of the Dungeon)

   [ring of protection from magic]

   It affects your resistance to hostile enchantments.
   It lets you blink.
Wands
 o - a wand of slowing (15/48)
 q - a wand of slowing (12/48)
 J - a wand of confusion (21/48)
Scrolls
 h - 3 scrolls of noise {unknown}
 k - 6 scrolls of remove curse {unknown}
 l - 2 scrolls of enchant weapon {unknown}
 m - a scroll of random uselessness {unknown}
 t - 3 scrolls of identify {unknown}
 w - 2 scrolls of blinking
 x - 4 scrolls of teleportation
 z - 2 scrolls of immolation {unknown}
 A - 2 scrolls of fog {unknown}
 B - 4 scrolls of recharging {unknown}
 O - a scroll of amnesia {unknown}
Potions
 d - a potion of agility {unknown}
 e - 5 potions of curing {unknown}
 f - 4 potions of invisibility {unknown}
 i - 2 potions of mutation {unknown}
 n - 3 potions of heal wounds {unknown}
 s - a potion of might {unknown}
 v - 2 potions of degeneration {unknown}
 E - a potion of magic {unknown}
 G - 3 potions of haste {unknown}
 H - a potion of ambrosia {unknown}
Books
 y - a book of Misfortune

   Spells                             Type                      Level
   a - Confusing Touch                Hexes                        1
   b - Confuse                        Hexes                        3
   c - Gell's Gravitas                Hexes/Translocation          3
   d - Petrify                        Transmutation/Earth          4
   e - Metabolic Englaciation         Hexes/Ice                    5
   f - Yara's Violent Unravelling     Hexes/Transmutation          5
   Trog disapproves of the use of such an item.
Comestibles
 c - 4 bread rations
 g - 3 beef jerkies
 u - 4 meat rations
 F - 2 royal jellies
 K - 4 fruits


   Skills:
 - Level 3.9 Fighting
 + Level 17.8 Axes
 - Level 2.5 Armour
 - Level 2.3 Dodging


You had 9 spell levels left.
You didn't know any spells.

Dungeon Overview and Level Annotations

Branches:
Dungeon (9/15)             Temple (0/1) D:4            Lair (0/6) D:8
    Orc: D:9-12

Altars:
Cheibriados
Elyvilon
Gozag
Okawaru
Ru
Uskayaw
Xom

Shops:
D:4 ?   D:5 %


Innate Abilities, Weirdness & Mutations

You reflexively headbutt those who attack you in melee.
You have a pair of horns on your head.


Message History

You kill the orc!
Trog accepts your kill.
You are no longer berserk.
You are exhausted.
You feel yourself slow down.
You see here a war axe.
You hit the orc warrior but do no damage.
You headbutt the orc warrior, but do no damage.
Your skin crawls.
You feel resistant to hostile enchantments.
You feel somewhat less full. The orc warrior hits you with a glaive.
* * * LOW HITPOINT WARNING * * *
The orc priest hits you but does no damage.
You fail to use your ability.
You block the orc warrior's attack.
The orc priest hits you but does no damage.
Your ogre goes berserk!
You feel quite a bit less full.
The orc wizard casts a spell.
The orc warrior hits you with a glaive!
You die...

# #..## # ##..# ### ##.###
######### ..# #...#
#.......? ..# ###.#
#....... ..# #######.####
#....). ..###..........#
#....#
..#............###....#
..'.#..>........@#o...#.o.
..###..........#oo.o......
### ##############O)......
#........ ######... .# #


You could see an orc warrior, an orc priest, an orc wizard and a friendly ogre
(berserk).

Vanquished Creatures
  The ghost of Naow the Severer, a novice MiBe of Trog (D:9)
  The ghost of Naow the Cleaver, a novice MiBe of Trog (D:5)
  A two-headed ogre (D:8)
  A hippogriff (D:8)
  2 hungry ghosts (D:8)
  Menkaure (D:4)
  Edmund (D:5)
  2 hell hounds (D:8)
  4 orc warriors
  2 phantoms
  2 ice beasts (D:9)
  A sky beast (D:8)
  7 ogres
  2 centaurs
  3 big kobolds
  Blork the orc (D:4)
  6 bullfrogs
  A gnoll sergeant (D:6)
  A scorpion (D:8)
  3 howler monkeys
  5 crimson imps
  A quasit (D:6)
  A bullfrog zombie (D:5)
  3 centaur zombies
  A jelly (D:6)
  A centaur skeleton (D:4)
  3 gnoll shamans (D:8)
  4 orc priests
  7 hounds
  5 orc wizards
  An iguana (D:8)
  Terence (D:2)
  5 worker ants
  A mummy (D:7)
  12 gnolls
  8 adders
  A shadow imp (D:6)
  An adder skeleton (D:7)
  An adder zombie (D:8)
  A worm (D:3)
  A dart slug (D:1)
  10 leopard geckos
  44 orcs
  4 ball pythons
  5 giant cockroaches
  8 goblins
  6 hobgoblins
  13 jackals
  2 quokkas
  3 bats
  A frilled lizard (D:3)
  A jackal skeleton (D:5)
  7 kobolds
  A leopard gecko skeleton (D:7)
  9 rats
221 creatures vanquished.

Vanquished Creatures (others)
  5 dream sheep (D:4)
  6 fungi (D:8)
  10 plants (D:8)
21 creatures vanquished.

Grand Total: 242 creatures vanquished

Notes
Turn   | Place    | Note
-------+----------+-------------------------------------------
     0 | D:1      | Naow the Minotaur Berserker began the quest for the Orb.
     0 | D:1      | Reached XP level 1. HP: 19/19 MP: 0/0
   263 | D:1      | Reached XP level 2. HP: 17/27 MP: 1/1
   440 | D:1      | Reached skill level 4 in Axes
   832 | D:2      | Noticed Terence
   843 | D:2      | Killed Terence
   843 | D:2      | Reached skill level 5 in Axes
   843 | D:2      | Reached XP level 3. HP: 30/33 MP: 2/2
  1424 | D:3      | Found an opulent altar of Gozag.
  1481 | D:3      | Reached ** piety under Trog
  1899 | D:3      | Reached XP level 4. HP: 33/40 MP: 3/3
  2168 | D:3      | Reached skill level 6 in Axes
  2277 | D:3      | Found an iron altar of Okawaru.
  2277 | D:3      | Found a sacrificial altar of Ru.
  2818 | D:4      | Reached XP level 5. HP: 31/46 MP: 4/4
  2854 | D:4      | Found a shimmering altar of Xom.
  2854 | D:4      | Noticed a dream sheep
  2854 | D:4      | Noticed a dream sheep
  2854 | D:4      | Noticed a dream sheep
  2854 | D:4      | Noticed a dream sheep
  2854 | D:4      | Noticed a dream sheep
  2858 | D:4      | Killed a dream sheep
  2858 | D:4      | Killed a dream sheep
  2860 | D:4      | Killed a dream sheep
  2861 | D:4      | Killed a dream sheep
  2861 | D:4      | Killed a dream sheep
  2933 | D:4      | Found Hofud's Magic Scroll Boutique.
  2941 | D:4      | Bought a scroll of blinking for 75 gold pieces
  2941 | D:4      | Bought a scroll of teleportation for 30 gold pieces
  2972 | D:4      | Reached skill level 7 in Axes
  3148 | D:4      | Reached skill level 8 in Axes
  3148 | D:4      | Reached XP level 6. HP: 37/52 MP: 5/5
  3204 | D:4      | Noticed Blork the orc
  3220 | D:4      | Killed Blork the orc
  3395 | D:4      | Reached skill level 9 in Axes
  3609 | D:4      | Found a staircase to the Ecumenical Temple.
  3627 | D:4      | Noticed Menkaure
  3634 | D:4      | Killed Menkaure
  3634 | D:4      | Reached XP level 7. HP: 49/58 MP: 6/6
  4146 | D:4      | Found a sacrificial altar of Ru.
  4178 | D:5      | Entered Level 5 of the Dungeon
  4187 | D:4      | Reached skill level 10 in Axes
  4746 | D:5      | Found Keotzy's Food Shoppe.
  4754 | D:5      | Reached skill level 11 in Axes
  4780 | D:5      | Found a glowing drain.
  4978 | D:5      | Found a white marble altar of Elyvilon.
  5039 | D:5      | Noticed Edmund
  5054 | D:5      | Killed Edmund
  5054 | D:5      | Reached XP level 8. HP: 16/66 MP: 7/7
  5155 | D:5      | Noticed Naow's ghost (novice MiBe)
  5523 | D:5      | Killed Naow's ghost
  5523 | D:5      | Reached skill level 12 in Axes
  5861 | D:6      | Reached skill level 13 in Axes
  5973 | D:6      | Reached *** piety under Trog
  6481 | D:6      | Reached XP level 9. HP: 70/71 MP: 8/8
  6590 | D:7      | Found a snail-covered altar of Cheibriados.
  6778 | D:7      | Reached skill level 14 in Axes
  7367 | D:8      | Reached skill level 15 in Axes
  7368 | D:8      | Reached **** piety under Trog
  7686 | D:8      | Found a staircase to the Lair.
  7784 | D:8      | Found a hide-covered altar of Uskayaw.
  7838 | D:8      | Reached skill level 16 in Axes
  8018 | D:8      | Reached XP level 10. HP: 78/78 MP: 9/9
  8839 | D:8      | Got a coiled glass ring
  8893 | D:8      | Identified the ring "Xiz Jean" {+Blink MR+} (You found it on level 8 of the Dungeon)
  8927 | D:8      | Reached skill level 17 in Axes
  9203 | D:9      | Noticed Naow's ghost (novice MiBe)
  9220 | D:9      | Killed Naow's ghost
  9401 | D:9      | HP: 5/117 [orc warrior/glaive (6)]
  9412 | D:9      | HP: 3/78 [orc warrior/glaive (4)]
  9414 | D:9      | Slain by an orc warrior

Vault maps used:
D:1:      mrwooster_arrival_statue_2, kennysheep_small_spiral
D:2:      uniq_terence
D:3:      nicolae_gozag_seed_capital, amethyst_overflow_temple_binary,
          first_bread
D:4:      kb_xom_exploding_sheep, serial_shops, nicolae_shop_trees,
          nicolae_ru_path_of_blood, uniq_menkaure, uniq_blork_the_orc
D:5:      elyvilon_altar_3, serial_shops,
          nicolae_shop_competitors_out_of_business, portal_sewer_entry_a,
          uniq_edmund
D:7:      cheibrodos_iron_armory, slow_altar_1
D:8:      kennysheep_seaside_town, eat_drink_and_be_merry_uskayaw,
          minmay_lair_entry_lava
D:9:      nemelex_altar_shiori, david_orc_4

Skill      XL: |  1  2  3  4  5  6  7  8  9 10 |
---------------+-------------------------------+-----
Axes           | 5 6 8 9 11 13 16 17 | 17.8
Fighting       | |  3.9
Armour         | |  2.5
Dodging        | |  2.3

Action                   |  1- 3 |  4- 6 |  7- 9 | 10-12 || total
-------------------------+-------+-------+-------+-------++-------
Melee: Hand axe          |    72 |    94 |   384 |   158 ||   708
       Headbutt          |     9 |    12 |    59 |    43 ||   123
Invok: Berserk           |     1 |     4 |    10 |     3 ||    18
       Trog's Hand       |       |     4 |     5 |     2 ||    11
       Brothers in Arms  |       |       |       |     1 ||     1
 Abil: Evoke Blink       |       |       |       |     1 ||     1
  Eat: Chunk             |     4 |     8 |    31 |    18 ||    61
       Royal jelly       |       |     1 |       |       ||     1
Armor: Animal skin       |    13 |     6 |     5 |       ||    24
       Ring mail         |       |       |    82 |     2 ||    84
       Plate armour      |       |       |       |    31 ||    31
Dodge: Dodged            |    42 |    69 |   160 |    39 ||   310
Block: Buckler           |       |       |       |     7 ||     7
